 Dungeon Crawl Stone Soup version 0.18-a0-1626-g65af6d3 (webtiles) character file.

44 M4edhros the Sneak (level 3, -4/27 HPs)
             Began as an Octopode Wanderer on Mar 24, 2016.
             Slain by a white imp (5 damage)
             ... summoned by Natasha
             ... on level 2 of the Dungeon.
             The game lasted 00:01:44 (902 turns).

M4edhros the Sneak (Octopode Wanderer)               Turns: 902, Time: 00:01:45

Health: -4/27      AC:  1    Str: 11    XL:     3   Next: 60%
Magic:  3/3        EV: 12    Int: 16    God:
Gold:   90         SH:  0    Dex: 12    Spells: 0 memorised, 2 levels left

rFire  . . .     SeeInvis .       - Unarmed
rCold  . . .     Gourm    .     (no shield)
rNeg   . . .     Faith    .     (helmet restricted)
rPois  .         Spirit   .     (no amulet)
rElec  .         Dismiss  .     (no ring)
rCorr  .         Reflect  .     (no ring)
SustAt .         Harm     .     (no ring)
MR     .....                    (no ring)
Stlth  ++++......               (no ring)
                                (no ring)
                                (no ring)
                                (no ring)

@: not resistant to hostile enchantments, stealthy
A: almost no armour, amphibious, 8 rings, constrict 8, camouflage 1, clever 1,
gelatinous body 1, MP-powered wands
a: no special abilities


You were on level 2 of the Dungeon.
You were not hungry.

You visited 1 branch of the dungeon, and saw 2 of its levels.

You collected 90 gold pieces.

Inventory:

Missiles
 j - 16 stones (quivered)
Scrolls
 c - 2 scrolls of identify {unknown}
 d - a scroll of teleportation
 e - a scroll of immolation {unknown}
 k - a scroll of magic mapping {unknown}
 m - a scroll of remove curse {unknown}
 n - a scroll of random uselessness {unknown}
 o - 3 scrolls of recharging {unknown}
 q - a scroll of enchant weapon {unknown}
Potions
 a - a potion of heal wounds
 b - a potion of berserk rage
 p - a potion of curing {unknown}
Comestibles
 f - a bread ration
 g - 4 meat rations
 h - 2 fruits
 i - a chunk of flesh
 l - a royal jelly


   Skills:
 - Level 4.0 Fighting
   Level 1.0 Bows
 - Level 2.0 Throwing
 + Level 1.7 Dodging
 * Level 4.3 Stealth
 - Level 1.0 Unarmed Combat


You had 2 spell levels left.
You didn't know any spells.

Dungeon Overview and Level Annotations

Branches:
Dungeon (2/15)

Altars:

Annotations:
D:2 Natasha


Innate Abilities, Weirdness & Mutations

You cannot wear most types of armour.
You are amphibious.
You can wear up to eight rings at the same time.
You can use your tentacles to constrict eight enemies at once.
Your skin changes colour to match your surroundings (Stealth).
Your rubbery body absorbs attacks (AC +1).
Your mind is acute. (Int +2)
You expend magic power (3 MP) to strengthen your wands.


Message History

Natasha hisses.
Natasha mumbles some strange words.
You tentacle-slap Natasha.
Natasha is lightly wounded.
You constrict Natasha. Natasha misses you.
There are monsters nearby!
You tentacle-slap Natasha.
Natasha is heavily wounded.
You constrict Natasha. Natasha claws you.
You tentacle-slap Natasha but do no damage.
Natasha is heavily wounded.
You constrict Natasha. The white imp hits you. The white imp freezes you.
Natasha claws you!
* * * LOW HITPOINT WARNING * * *
You tentacle-slap Natasha but do no damage.
Natasha is severely wounded.
You constrict Natasha. The white imp hits you.
* * * LOW HITPOINT WARNING * * *
The white imp freezes you.
You die...

#. #. #. ######.
.......
....>..#########
......)h.......#
.......@5......#
.......(.......##
................#
................###
...................
.................#
######
...............#.#
.....#
........#........# #
.....#
###.###.###.#########.#


You could see Natasha and a white imp.

Vanquished Creatures
  2 dart slugs (D:1)
  4 giant geckos
  2 giant cockroaches (D:2)
  3 goblins (D:1)
  5 hobgoblins (D:1)
  3 jackals (D:1)
  4 kobolds
  5 bats (D:1)
  2 giant newts (D:1)
  2 rats (D:1)
32 creatures vanquished.

Notes
Turn   | Place    | Note
--------------------------------------------------------------
     0 | D:1      | M4edhros the Octopode Wanderer began the quest for the Orb.
     0 | D:1      | M4edhros set off with: a potion of heal wounds, a potion of berserk rage, a +0 mace, a scroll of teleportation, a bread ration
     0 | D:1      | Reached XP level 1. HP: 17/17 MP: 1/1
     9 | D:1      | Gained mutation: Your mind is acute. (Int +2) [potion of mutation]
     9 | D:1      | Gained mutation: You expend magic power (3 MP) to strengthen your wands. [potion of mutation]
    62 | D:1      | Reached XP level 2. HP: 18/22 MP: 2/2
   449 | D:1      | Reached XP level 3. HP: 20/27 MP: 3/3
   896 | D:2      | Noticed Natasha
   902 | D:2      | HP: 1/27 [white imp[Natasha] (2)]
   902 | D:2      | Slain by a white imp

Vault maps used:
D:1:      lightli_arrival_noodles
D:2:      kennysheep_the_goblin_king, lemuel_doored_altar,
          fedhas_altar_fruit_tree, uniq_natasha, uniq_robin, uniq_sigmund

Skill      XL: |  1  2  3 |
---------------+----------+-----
Stealth        | 2 3 4 |  4.3
Fighting       | |  4.0
Bows           | |  1.0
Throwing       | |  2.0
Dodging        | |  1.7
Unarmed Combat | |  1.0

Action                   || total
-------------------------++-------
Melee: Unarmed           ||    90
  Use: Potion            ||     1
 Stab: Sleeping          ||    10
